 Dungeon Crawl Stone Soup version 0.22-a0-284-g99d1f7439c (webtiles) character file.

148270 RKaid the Nimble (level 16, -9/87 HPs)
             Began as a Spriggan Air Elementalist on Dec 28, 2017.
             Was a Follower of Uskayaw.
             Killed from afar by a thorn hunter (14 damage)
             ... with a volley of thorns
             ... on level 2 of the Swamp on Mar 20, 2018.
             The game lasted 04:03:12 (66371 turns).

RKaid the Nimble (Spriggan Air Elementalist)       Turns: 66371, Time: 04:03:12

Health: -9/87      AC: 12    Str:  4 (5)  XL:     16   Next: 64%
Magic:  12/33      EV: 40    Int: 21      God:    Uskayaw [*.....]
Gold:   1999       SH: 13    Dex: 21      Spells: 10/40 levels left

rFire    . . .     SeeInvis +   k - +1 scimitar (vamp)
rCold    . . .     Gourm    .   O - +4 buckler of Sunlight {rElec Dex+3}
rNeg     . . .     Faith    .   W - +0 swamp dragon scales {rPois}
rPois    +         Spirit   .   L - +1 hat
rElec    +         Reflect  .   s - +2 cloak {MR+}
rCorr    .         Harm     .   (gloves unavailable)
MR       +++..                  (boots unavailable)
Stlth    ++........             q - amulet of the acrobat
HPRegen  0.24/turn              K - ring of wizardry {Wiz+}
MPRegen  0.23/turn              y - +4 ring of evasion

@: studying Long Blades, very quick
A: very small, unfitting armour, see invisible, herbivore, speed 3, slow
metabolism 2
}: 1/15 runes: gossamer
a: Stomp, Renounce Religion


You were on level 2 of the Swamp.
You worshipped Uskayaw.
Uskayaw was aware of your devotion.
You were very hungry.

You visited 5 branches of the dungeon, and saw 29 of its levels.
You visited 1 bazaar.

You collected 3045 gold pieces.
You spent 1046 gold pieces at shops.

Inventory:

Hand Weapons
 a - a +3 short sword of venom
   (You found it on level 2 of the Dungeon)
 b - a +0 blowgun
   (You took it off Sonja on level 2 of the Lair of Beasts)
 k - a +1 vampiric scimitar (weapon)
   (You took it off an orc warrior on level 10 of the Dungeon)
 H - the +11 hunting sling "Othrirgh" {velocity, rElec Str-5 Dex+5 SInv}
   (You found it on level 2 of the Lair of Beasts)

   Any stone fired from it inflicts extra damage.
   It affects your strength (-5).
   It affects your dexterity (+5).
   It insulates you from electricity.
   It lets you see invisible.
Missiles
 j - 4 throwing nets (quivered) {=f}
 x - 62 poisoned needles
 E - 10 curare-tipped needles
Armour
 p - a +0 cloak of invisibility
   (You bought it in a shop in a bazaar)
 s - a +2 cloak of magic resistance (worn)
   (You took it off Crazy Yiuf on level 7 of the Dungeon)
 F - a +2 robe of resistance
   (You took it off an orc sorcerer on level 2 of the Orcish Mines)
 L - a +1 hat (worn)
   (You found it on level 2 of the Dungeon)
 O - the +4 buckler of Sunlight (worn) {rElec Dex+3}
   (You found it on level 6 of the Lair of Beasts)

   It affects your dexterity (+3).
   It insulates you from electricity.
 W - +0 swamp dragon scales (worn) {rPois}
   (You found it on level 3 of the Lair of Beasts)
Magical Staves
 d - an uncursed staff of energy {+MP, hungerless spells, !a}
   (You found it on level 13 of the Dungeon)
 v - an uncursed staff of air {unknown}
   (You found it on level 1 of the Swamp)
Jewellery
 q - an amulet of the acrobat (around neck)
   (You found it on level 1 of the Swamp)
 y - a +4 ring of evasion (right hand)
   (You found it on level 8 of the Dungeon)
 z - the ring "Hotwiso" {*Drain rC+ MR+ Slay+2 SInv}
   (You found it on level 1 of the Swamp)

   [ring of protection from magic]

   It affects your accuracy and damage with ranged weapons and melee attacks
   (+2).
   It protects you from cold.
   It affects your resistance to hostile enchantments.
   It lets you see invisible.
   It causes draining when unequipped.
 K - a ring of wizardry (left hand) {Wiz+}
   (You found it on level 4 of the Lair of Beasts)
 N - an uncursed ring of resist corrosion
   (You found it on level 6 of the Lair of Beasts)
 R - an uncursed ring of protection from magic {MR+}
   (You found it on level 9 of the Dungeon)
 Z - an uncursed amulet of faith {Faith, !P}
   (You found it on level 14 of the Dungeon)
Wands
 A - a wand of acid (15)
   (You bought it in a shop on level 2 of the Orcish Mines)
 C - a wand of clouds (12)
   (You found it on level 15 of the Dungeon)
 D - a wand of digging (16)
   (You took it off a goblin on level 3 of the Dungeon)
 G - a wand of paralysis (11)
   (You found it on level 15 of the Dungeon)
 U - a wand of flame (49)
   (You found it on level 10 of the Dungeon)
Scrolls
 i - 5 scrolls of identify
 l - 2 scrolls of blinking {!r}
 n - 2 scrolls of enchant weapon
 o - 3 scrolls of remove curse
 t - 6 scrolls of teleportation
 w - 2 scrolls of magic mapping {!r}
 M - 4 scrolls of fog
 Q - a scroll of summoning
 V - a scroll of immolation {!r}
Potions
 c - 6 potions of curing
 f - 5 potions of berserk rage {!q}
 g - 6 potions of flight
 h - 4 potions of heal wounds
 m - 3 potions of might
 r - a potion of cancellation
 u - 4 potions of ambrosia
 B - 2 potions of brilliance
 I - 3 potions of magic
 J - 2 potions of haste
 S - a potion of resistance
Books
 P - a manual of Long Blades
   (You found it on level 14 of the Dungeon)
Miscellaneous
 X - a phial of floods
   (You found it on level 14 of the Dungeon)
Comestibles
 e - 2 rations


   Skills:
 + Level 11.0 Fighting
 - Level 8.0(11.3) Short Blades
 + Level 10.1(10.8) Long Blades
 - Level 4.5 Armour
 - Level 14.0 Dodging
 - Level 3.0 Stealth
 - Level 7.2 Shields
 + Level 12.7 Spellcasting
 - Level 9.0 Conjurations
 + Level 5.3 Summonings
 - Level 3.5 Translocations
 - Level 8.5 Air Magic
 + Level 9.4 Invocations


You had 10 spell levels left.
You knew the following spells:

 Your Spells              Type           Power        Failure   Level  Hunger
a - Shock                 Conj/Air       ####         1%          1    None
b - Static Discharge      Conj/Air       ######..     1%          3    None
c - Airstrike             Air            #####.....   3%          4    None
d - Lightning Bolt        Conj/Air       ######....   8%          5    ####...
e - Summon Lightning Spi  Summ/Air       #####...     6%          4    None
f - Mephitic Cloud        Conj/Pois/Air  #####...     2%          3    None
g - Shadow Creatures      Summ           N/A          82%         6    #####..
A - Summon Butterflies    Summ           #####...     1%          1    None
B - Blink                 Tloc           N/A          3%          2    None
C - Apportation           Tloc           ####..       2%          1    None


Dungeon Overview and Level Annotations

Branches:
Dungeon (15/15)            Temple (0/1) D:4            Lair (6/6) D:8
  Swamp (2/4) Lair:3       Spider (4/4) Lair:4        Slime (0/5) Lair:5
    Orc (2/2) D:10            Elf (0/3) Orc:2        Vaults (0/5) D:14
 Depths (0/5) D:15

Altars:
Ashenzari
Elyvilon
Fedhas
Gozag
Hepliaklqana
Kikubaaqudgha
Nemelex Xobeh
Okawaru
Trog
Uskayaw
Vehumet
Wu Jian
Beogh

Shops:
Orc:1 *   Orc:2 ?(}:

Annotations:
D:5 exclusion: statue
Spider:2 runed rapier


Innate Abilities, Weirdness & Mutations

You are very small and have problems with some larger weapons.
You are too small for most types of armour.
You have supernaturally acute eyesight. (SInv)
You are a herbivore.
You cover ground extremely quickly.
You need to consume almost no food.


Message History

You block the volley of thorns.
Casting: Shock (safe; 1% risk of failure)
Confirm with . or Enter, or press ? or * to list all spells.
Aiming: Shock (safe; 1% risk of failure)
Press: ? - help, Shift-Dir - straight line, f/p - thorn hunter
Aim: a thorn hunter (moderately damaged)
The zap hits your lightning spire.
Your lightning spire completely resists.
The zap hits the thorn hunter.
The thorn hunter hits your lightning spire! x2
The thorn hunter gestures.
Thorny briars emerge from the ground!
Your lightning spire shoots out a bolt of lightning at the thorn hunter!
The bolt of electricity hits the thorn hunter.
Casting: Shock (safe; 1% risk of failure)
Confirm with . or Enter, or press ? or * to list all spells.
Aiming: Shock (safe; 1% risk of failure)
Press: ? - help, Shift-Dir - straight line, f/p - thorn hunter
Aim: a thorn hunter (moderately damaged)
The zap hits your lightning spire.
Your lightning spire completely resists.
The zap hits the thorn hunter.
The thorn hunter appears unharmed.
The thorn hunter hits your lightning spire!
Your lightning spire is destroyed!
Casting: Shock (safe; 1% risk of failure)
Confirm with . or Enter, or press ? or * to list all spells.
Aiming: Shock (safe; 1% risk of failure)
Press: ? - help, Shift-Dir - straight line, f/p - thorn hunter
Aim: a thorn hunter (moderately damaged)
The zap misses the thorn hunter.
The thorn hunter fires a volley of thorns at you.
The volley of thorns misses you.
Casting: Shock (safe; 1% risk of failure)
Confirm with . or Enter, or press ? or * to list all spells.
Aiming: Shock (safe; 1% risk of failure)
Press: ? - help, Shift-Dir - straight line, f/p - thorn hunter
Aim: a thorn hunter (moderately damaged)
The zap hits the thorn hunter.
The thorn hunter appears unharmed.
The thorn hunter fires a volley of thorns at you.
The volley of thorns misses you.
Casting: Shock (safe; 1% risk of failure)
Confirm with . or Enter, or press ? or * to list all spells.
Aiming: Summon Lightning Spire (safe; 6% risk of failure)
Press: ? - help, Dir - move target cursor, p - thorn hunter An electric hum fills the air.
The thorn hunter fires a volley of thorns at you.
The volley of thorns hits your lightning spire.
Casting: Summon Lightning Spire (safe; 6% risk of failure)
Confirm with . or Enter, or press ? or * to list all spells.
Aiming: Shock (safe; 1% risk of failure)
Press: ? - help, Shift-Dir - straight line, f - thorn hunter
Aim: a thorn hunter (moderately damaged)
The zap hits the thorn hunter.
The briar patch crumbles away.
The thorn hunter completely misses you. The thorn hunter hits you.
The thorn hunter completely misses you.
You riposte.
You hit the thorn hunter but do no damage.
You block the thorn hunter's attack.
Casting: Shock (safe; 1% risk of failure)
Confirm with . or Enter, or press ? or * to list all spells.
You blink.
The briar patch crumbles away.
The briar patch crumbles away.
Casting: Blink (safe; 3% risk of failure)
Confirm with . or Enter, or press ? or * to list all spells.
Aiming: Shock (safe; 1% risk of failure)
Press: ? - help, Shift-Dir - straight line, f/p - thorn hunter
Aim: a thorn hunter (water, moderately damaged)
The zap hits the thorn hunter.
The thorn hunter appears unharmed.
The briar patch crumbles away.
The thorn hunter gestures.
Thorny briars emerge from the ground!
The thorn hunter gestures.
Casting: Shock (safe; 1% risk of failure)
Confirm with . or Enter, or press ? or * to list all spells.
Aiming: Shock (safe; 1% risk of failure)
Press: ? - help, Shift-Dir - straight line, f/p - thorn hunter
Aim: a thorn hunter (water, moderately damaged)
The zap hits the thorn hunter.
The thorn hunter fires a volley of thorns at you.
The volley of thorns misses you.
The thorn hunter fires a volley of thorns at you.
The volley of thorns hits you!
Your lightning spire shoots out a bolt of lightning at the thorn hunter!
The bolt of electricity hits the thorn hunter.
The briar patch crumbles away. x2; The thorn hunter barely misses you.
The thorn hunter misses you.
The thorn hunter fires a volley of thorns at you.
The volley of thorns hits you!
* * * LOW HITPOINT WARNING * * *
The thorn hunter gestures.
You enter the shallow water.
Moving in this stuff is going to be slow.
The thorn hunter completely misses you. x2
The thorn hunter fires a volley of thorns at you.
The volley of thorns hits you!
* * * LOW HITPOINT WARNING * * *
The thorn hunter fires a volley of thorns at you.
The volley of thorns hits you!
You die...

♣P..≈≈≈≈≈≈≈..♣
♣...≈.≈PP.≈
♣.......♣♣
♣.♣≈.≈≈f≈.≈
♣♣.≈≈≈≈.♣
♣♣.≈≈.≈PtPP
♣♣≈≈≈♣.♣
♣≈≈≈...PP♣
♣..f≈.♣
♣<.♣..♣.♣♣
♣♣..♣8♣
♣≈.♣♣...♣
♣.♣..♣♣
♣≈.♣♣.≈≈♣
♣♣...♣♣
♣.♣♣♣♣.♣♣
♣♣@..♣ ♣.♣ ♣.♣
♣.≈♣♣ ♣[♣
♣♣.♣♣ ♣§§.♣
♣.♣ ♣≈..♣
♣♣♣.♣ ♣.♣
♣♣.♣♣ ♣<♣ ♣♣
♣♣♣ ♣♣♣


You could see a thorn hunter and a friendly lightning spire.

Vanquished Creatures
  Arachne (Spider:2)
  2 ghost moths (Spider:4)
  An emperor scorpion (Spider:4)
  A stone giant (D:14)
  An entropy weaver (Spider:1)
  2 spark wasps (Spider:4)
  An ettin (D:15)
  A vault guard (D:14)
  3 hydras
  Fannar (Lair:1)
  2 catoblepae (Lair:6)
  Erica (Lair:1)
  4 ogre magi
  A tengu warrior (D:14)
  5 two-headed ogres
  An alligator (Swamp:2)
  2 death yaks (Lair:6)
  The ghost of Harunobu the Grappler, a novice TrMo (D:8)
  2 unseen horrors
  An orc knight (D:14)
  4 swamp dragons (Swamp:1)
  A wolf spider zombie (D:14)
  A cyclops (D:12)
  A deep elf mage (D:14)
  An ugly thing (D:11)
  8 orb spiders
  4 orc sorcerers (Orc:2)
  27 wolf spiders
  A manticore (Lair:6)
  A centaur zombie (D:14)
  4 elephants
  2 black mambas
  2 gargoyles
  7 spiny frogs
  A torpor snail (Spider:4)
  4 komodo dragons
  A rime drake (Lair:1)
  A yaktaur (D:14)
  13 demonic crawlers
  30 jumping spiders
  2 trolls
  4 meliai
  A polar bear (Lair:6)
  2 tyrant leeches (Swamp:1)
  4 hornets
  A slime creature (Swamp:2)
  13 blink frogs
  Prince Ribbit (D:7)
  11 hippogriffs
  3 dream sheep
  A spriggan (Swamp:1)
  2 shadows
  47 redbacks
  28 tarantellas
  30 yaks
  3 water elementals
  3 wraiths
  6 wyverns
  A vampire (D:11)
  2 basilisks
  A hungry ghost (D:13)
  7 vampire mosquitoes
  3 swamp worms (Swamp:1)
  4 wargs
  A soldier ant (Spider:1)
  An acid dragon (D:14)
  9 water moccasins
  Duvessa (D:7)
  10 orc warriors
  9 porcupines
  5 ice beasts
  A black bear (D:9)
  7 swamp drakes (Swamp:1)
  A hornet zombie (D:14)
  A necrophage (D:13)
  12 ogres
  3 sky beasts
  A phantom (D:6)
  10 centaurs
  9 crocodiles
  A big kobold (D:9)
  15 bullfrogs
  A gnoll sergeant (D:7)
  Dowan (D:7)
  2 scorpions
  7 killer bees
  6 electric eels
  12 wights
  7 howler monkeys
  8 crimson imps
  4 bullfrog zombies
  A quasit (D:14)
  6 hounds
  5 orc priests
  Crazy Yiuf (D:7)
  7 jellies
  31 orc wizards
  A bullfrog skeleton (D:12)
  2 centaur skeletons
  9 iguanas
  15 worker ants
  A killer bee zombie (D:9)
  A hound zombie (D:7)
  A worker ant zombie (D:9)
  A howler monkey zombie (D:6)
  7 gnolls
  12 adders
  5 shadow imps
  6 oozes
  2 adder skeletons
  5 worms
  2 dart slugs (D:1)
  6 leopard geckos
  43 orcs
  3 bats
  5 goblins
  6 hobgoblins
  4 jackals (D:3)
  3 quokkas
  2 ball pythons
  A giant cockroach zombie (D:5)
  9 kobolds
  A quokka skeleton (D:4)
  5 rats
  A fungus (Lair:6)
683 creatures vanquished.

Vanquished Creatures (collateral kills)
  Rupert (Orc:2)
  A frost giant (D:15)
  An emperor scorpion (Spider:4)
  An orc warlord (Orc:2)
  An entropy weaver (Spider:1)
  Snorg (Lair:3)
  An ettin (Orc:1)
  Harold (Orc:1)
  A catoblepas (Lair:6)
  8 hydras
  3 centaur warriors
  A queen ant (Spider:1)
  An alligator (Swamp:1)
  3 two-headed ogres
  4 death yaks (Lair:6)
  Urug (D:12)
  A tengu warrior (D:14)
  Sonja (Lair:2)
  A wizard (D:14)
  A swamp dragon (Lair:3)
  6 orc sorcerers
  A manticore (Lair:6)
  4 orb spiders
  An ugly thing (D:11)
  A deep elf mage (D:14)
  20 wolf spiders
  A moth of wrath (Spider:3)
  A cyclops (D:13)
  An elephant (Lair:5)
  Joseph (D:8)
  4 torpor snails
  5 spiny frogs
  A centaur skeleton (D:15)
  6 komodo dragons
  An efreet (D:14)
  A freezing wraith (D:14)
  3 demonic crawlers
  A polar bear (Lair:4)
  3 hornets
  A bog body (Swamp:1)
  8 jumping spiders
  2 slime creatures (Swamp:2)
  4 dream sheep
  13 blink frogs
  5 hippogriffs
  17 redbacks
  10 tarantellas
  A water elemental (D:15)
  2 wraiths
  25 yaks
  A basilisk (D:14)
  A hungry ghost (D:8)
  2 vampire mosquitoes
  A swamp worm (Swamp:1)
  4 wargs (Orc:2)
  3 soldier ants (Spider:1)
  2 water moccasins (Lair:2)
  6 orc warriors
  A phantom (D:11)
  5 ice beasts (Lair:6)
  2 ogres (Orc:2)
  2 crocodiles (Lair:5)
  3 centaurs (D:15)
  A bullfrog (D:13)
  A scorpion (D:9)
  3 killer bees (D:11)
  2 howler monkeys (D:12)
  3 orc priests
  9 orc wizards
  A worker ant (D:10)
  A worker ant zombie (D:10)
  12 orcs
  2 plants
252 creatures vanquished.

Vanquished Creatures (others)
  A wolf spider (Spider:4)
  A crocodile (Lair:2)
  A bush (Lair:2)
  14 fungi
  10 plants
27 creatures vanquished.

Grand Total: 962 creatures vanquished

Notes
Turn   | Place    | Note
-------+----------+-------------------------------------------
     0 | D:1      | RKaid the Spriggan Air Elementalist began the quest for the Orb.
     0 | D:1      | Reached XP level 1. HP: 9/9 MP: 5/5
   363 | D:1      | Reached skill level 3 in Spellcasting
   363 | D:1      | Reached skill level 1 in Conjurations
   363 | D:1      | Reached XP level 2. HP: 13/13 MP: 1/7
  1047 | D:2      | Reached skill level 3 in Air Magic
  1523 | D:2      | Reached XP level 3. HP: 16/16 MP: 3/8
  1570 | D:2      | Learned a level 3 spell: Static Discharge
  1574 | D:2      | Found an ornate altar of the Wu Jian Council.
  2305 | D:3      | Found a faded altar of an unknown god.
  2310 | D:3      | Became a worshipper of Uskayaw the Reveler
  2310 | D:3      | Reached * piety under Uskayaw
  2412 | D:3      | Reached ** piety under Uskayaw
  2626 | D:3      | Found a bloodstained altar of Trog.
  2876 | D:3      | Reached XP level 4. HP: 21/21 MP: 2/10
  3215 | D:3      | Learned a level 4 spell: Airstrike
  3231 | D:4      | Noticed a phantom
  3283 | D:4      | Found a white marble altar of Elyvilon.
  3285 | D:4      | Noticed an ogre
  3476 | D:4      | Noticed an ogre
  3488 | D:4      | Reached *** piety under Uskayaw
  3501 | D:4      | Killed an ogre
  3501 | D:4      | Reached skill level 4 in Spellcasting
  3501 | D:4      | Reached skill level 2 in Conjurations
  3501 | D:4      | Reached XP level 5. HP: 24/24 MP: 0/12
  3840 | D:4      | Reached skill level 4 in Air Magic
  4463 | D:4      | Reached **** piety under Uskayaw
  4480 | D:4      | Killed an ogre
  4480 | D:4      | Reached skill level 5 in Spellcasting
  4480 | D:4      | Reached XP level 6. HP: 28/28 MP: 1/14
  4670 | D:4      | Found a hide-covered altar of Uskayaw.
  4970 | D:4      | Found a staircase to the Ecumenical Temple.
  5148 | D:5      | Entered Level 5 of the Dungeon
  5246 | D:4      | Reached skill level 3 in Conjurations
  5432 | D:5      | HP: 5/28 [iguana (11)]
  5797 | D:5      | Reached XP level 7. HP: 17/32 MP: 2/16
  6033 | D:5      | Found a radiant altar of Vehumet.
  6215 | D:5      | Reached skill level 6 in Spellcasting
  6265 | D:5      | Reached skill level 5 in Air Magic
  6995 | D:6      | Found a sparkling altar of Nemelex Xobeh.
  7380 | D:6      | Found a blossoming altar of Fedhas.
  7565 | D:6      | Found an ancient bone altar of Kikubaaqudgha.
  7772 | D:6      | Reached skill level 7 in Spellcasting
  7772 | D:6      | Reached skill level 4 in Conjurations
  7772 | D:6      | Reached XP level 8. HP: 36/36 MP: 10/19
  7779 | D:6      | Reached ***** piety under Uskayaw
  8618 | D:7      | Reached skill level 6 in Air Magic
  8849 | D:7      | Noticed Dowan
  9058 | D:7      | Noticed Prince Ribbit
  9324 | D:7      | Found a runed door.
  9421 | D:7      | Noticed Duvessa
  9551 | D:7      | Noticed Crazy Yiuf
  9553 | D:7      | Killed Crazy Yiuf
  9765 | D:7      | Killed Duvessa
  9765 | D:7      | Reached skill level 8 in Spellcasting
  9766 | D:7      | Killed Dowan
 10019 | D:7      | Reached skill level 5 in Conjurations
 10193 | D:7      | Killed Prince Ribbit
 10193 | D:7      | Reached XP level 9. HP: 39/39 MP: 14/22
 10302 | D:8      | Found an opulent altar of Gozag.
 10377 | D:8      | Noticed a gargoyle
 10612 | D:7      | HP: 9/39 [gnoll sergeant/trident of piercing (1)]
 11158 | D:8      | Reached skill level 7 in Air Magic
 11219 | D:8      | Reached skill level 9 in Spellcasting
 11229 | D:8      | Noticed Harunobu's ghost (novice TrMo)
 11398 | D:8      | Noticed Joseph
 11990 | D:8      | Found a staircase to the Lair.
 12492 | D:8      | HP: 6/39 [Harunobu's ghost (16)]
 12542 | D:8      | Killed Harunobu's ghost
 12542 | D:8      | Reached skill level 10 in Spellcasting
 12542 | D:8      | Reached skill level 6 in Conjurations
 12762 | D:8      | Learned a level 5 spell: Lightning Bolt
 12896 | D:9      | Noticed a two-headed ogre
 12898 | D:9      | Found an iron altar of Okawaru.
 13139 | D:8      | Learned a level 4 spell: Summon Lightning Spire
 13171 | D:8      | Killed Joseph
 13171 | D:8      | Reached skill level 8 in Air Magic
 13398 | D:8      | Reached skill level 1 in Fighting
 13831 | D:8      | Found an opulent altar of Gozag.
 14205 | D:8      | Reached XP level 10. HP: 44/45 MP: 15/25
 14285 | D:9      | Found a shattered altar of Ashenzari.
 14299 | D:9      | Reached skill level 4 in Dodging
 14502 | Lair:1   | Entered Level 1 of the Lair of Beasts
 14502 | Lair:1   | Noticed a black mamba
 14508 | Lair:1   | Killed a black mamba
 14508 | Lair:1   | Reached skill level 1 in Summonings
 14746 | Lair:1   | Noticed Fannar
 14790 | Lair:1   | Reached skill level 2 in Fighting
 14987 | Lair:1   | Reached skill level 5 in Dodging
 15050 | Lair:1   | Reached skill level 2 in Summonings
 15332 | Lair:1   | Noticed Erica
 15425 | Lair:1   | Noticed a spiny frog
 15593 | Lair:1   | Noticed a spiny frog
 15603 | Lair:1   | Killed a spiny frog
 15603 | Lair:1   | Reached skill level 6 in Dodging
 15880 | Lair:1   | Killed a spiny frog
 15880 | Lair:1   | Reached skill level 3 in Fighting
 16077 | Lair:2   | Reached skill level 3 in Summonings
 16103 | Lair:2   | Noticed a five-headed hydra
 16127 | Lair:2   | Killed a five-headed hydra
 16127 | Lair:2   | Reached skill level 7 in Dodging
 16127 | Lair:2   | Reached skill level 7 in Conjurations
 16452 | Lair:2   | Noticed a spiny frog
 16462 | Lair:2   | Killed a spiny frog
 16519 | Lair:2   | Reached XP level 11. HP: 45/53 MP: 2/26
 16682 | Lair:1   | HP: 13/53 [poisoned by a water moccasin]
 16687 | Lair:1   | HP: 10/53 [poisoned by a water moccasin]
 16692 | Lair:1   | HP: 9/53 [poisoned by a water moccasin]
 16698 | Lair:1   | HP: 8/53 [poisoned by a water moccasin]
 16705 | Lair:1   | HP: 7/53 [poisoned by a water moccasin]
 17073 | Lair:2   | Noticed Sonja
 17081 | Lair:2   | Killed Sonja
 17081 | Lair:2   | Reached skill level 4 in Fighting
 17090 | Lair:2   | Reached skill level 8 in Dodging
 17090 | Lair:2   | Reached skill level 4 in Summonings
 17222 | Lair:2   | Got a twisted hunting sling
 17223 | Lair:2   | Identified the +11 hunting sling "Othrirgh" {velocity, rElec Str-5 Dex+5 SInv} (You found it on level 2 of the Lair of Beasts)
 17444 | Lair:2   | Noticed a seven-headed hydra
 18349 | Lair:1   | Reached skill level 9 in Dodging
 18480 | Lair:2   | Killed a seven-headed hydra
 18480 | Lair:2   | Reached skill level 5 in Fighting
 18905 | Lair:2   | HP: 13/55 [poisoned by a spiny frog]
 18910 | Lair:2   | HP: 11/55 [poisoned by a spiny frog]
 18915 | Lair:2   | HP: 7/55 [poisoned by a spiny frog]
 18920 | Lair:2   | HP: 6/55 [poisoned by a spiny frog]
 18925 | Lair:2   | HP: 5/55 [poisoned by a spiny frog]
 18933 | Lair:2   | HP: 5/55 [poisoned by a spiny frog]
 19240 | Lair:3   | Reached skill level 5 in Summonings
 19288 | Lair:3   | Noticed Snorg
 19438 | Lair:3   | Noticed a six-headed hydra
 19441 | Lair:3   | Noticed a five-headed hydra
 19451 | Lair:3   | Killed a six-headed hydra
 19451 | Lair:3   | Reached skill level 8 in Conjurations
 19472 | Lair:3   | Killed a five-headed hydra
 19472 | Lair:3   | Reached skill level 10 in Dodging
 19682 | Lair:3   | Noticed a swamp dragon
 19775 | Lair:2   | Upgraded the game from 0.21-a0-633-g4c047d5f35 to 0.22-a0-38-gc6ec8ce517
 19935 | Lair:3   | Found a staircase to the Swamp.
 20388 | Lair:3   | Killed Snorg
 20553 | Lair:3   | Killed a swamp dragon
 20812 | Lair:4   | Reached XP level 12. HP: 53/60 MP: 17/27
 20948 | Lair:4   | Reached skill level 6 in Fighting
 21238 | Lair:3   | Reached skill level 11 in Dodging
 21623 | Lair:4   | Found a hole to the Spider Nest.
 21707 | Lair:4   | Noticed a seven-headed hydra
 21897 | Lair:4   | Killed a seven-headed hydra
 22429 | Lair:4   | Reached skill level 9 in Conjurations
 22603 | Lair:4   | Reached skill level 12 in Dodging
 22612 | Lair:4   | Reached skill level 1 in Short Blades
 22613 | Lair:4   | Reached skill level 7 in Fighting
 23042 | Lair:4   | Identified a scroll of acquirement
 23084 | Lair:4   | Reached skill level 2 in Short Blades
 23299 | Lair:4   | Reached skill level 1 in Shields
 23387 | Lair:5   | Reached skill level 3 in Short Blades
 23507 | Lair:5   | Noticed an eight-headed hydra
 23531 | Lair:5   | Killed an eight-headed hydra
 23952 | Lair:5   | Reached skill level 2 in Shields
 24054 | Lair:5   | Found a staircase to the Slime Pits.
 24344 | Lair:6   | Entered Level 6 of the Lair of Beasts
 24395 | Lair:6   | Noticed an eight-headed hydra
 24423 | Lair:6   | Killed an eight-headed hydra
 24423 | Lair:6   | Reached skill level 4 in Short Blades
 25293 | Lair:6   | Noticed a catoblepas
 25406 | Lair:5   | HP: 8/63 [meliai/divine providence (12)]
 25617 | Lair:5   | Reached skill level 3 in Shields
 25679 | Lair:5   | Reached skill level 5 in Short Blades
 26003 | Lair:6   | Reached XP level 13. HP: 63/67 MP: 14/28
 26881 | Lair:6   | Reached skill level 6 in Short Blades
 27560 | Lair:6   | Reached skill level 4 in Shields
 27792 | Lair:6   | Learned a level 1 spell: Summon Butterflies
 28298 | Lair:6   | Reached skill level 7 in Short Blades
 28340 | Lair:6   | Reached skill level 8 in Fighting
 28596 | Lair:6   | Reached skill level 5 in Shields
 28890 | Lair:6   | Got a dazzling buckler
 28893 | Lair:6   | Identified the +4 buckler of Sunlight {rElec Dex+3} (You found it on level 6 of the Lair of Beasts)
 29844 | D:9      | Found a hazy altar of Hepliaklqana.
 29904 | D:9      | Reached skill level 8 in Short Blades
 30531 | D:10     | Entered Level 10 of the Dungeon
 30580 | D:10     | Reached skill level 1 in Invocations
 32063 | D:10     | Found a staircase to the Orcish Mines.
 32396 | D:11     | Reached skill level 2 in Invocations
 32653 | D:11     | Reached skill level 6 in Shields
 33730 | D:12     | Noticed Urug
 34545 | D:12     | Killed Urug
 34608 | D:12     | RKaid: !ac 5
 34608 | D:12     | beem: 4.4 armour skill per 1 AC for 5 base AC
 34641 | D:12     | Reached XP level 14. HP: 74/74 MP: 18/29
 34905 | D:13     | Reached skill level 3 in Invocations
 36412 | D:14     | Reached skill level 11 in Spellcasting
 36834 | D:14     | Reached skill level 1 in Armour
 37078 | D:14     | Found a gate to the Vaults.
 37327 | D:14     | Noticed a frost giant
 37453 | Orc:1    | Entered Level 1 of the Orcish Mines
 37594 | Orc:1    | Noticed Harold
 37614 | Orc:1    | Killed Harold
 37614 | Orc:1    | Reached skill level 9 in Fighting
 37764 | Orc:1    | Found Fimeliti's Assorted Antiques.
 37837 | Orc:1    | Reached skill level 4 in Invocations
 38157 | Orc:2    | Entered Level 2 of the Orcish Mines
 38327 | Orc:2    | Found a flickering gateway to a bazaar.
 38346 | Bazaar   | Entered a bazaar
 38346 | Bazaar   | Found Feasuywa's Magic Scroll Boutique.
 38346 | Bazaar   | Found Caesaud's Antique Armour Shop.
 38346 | Bazaar   | Found Dicuirph's Antique Armour Boutique.
 38346 | Bazaar   | Found Uloqoim's Antique Weapon Shop.
 38346 | Bazaar   | Found Saaskor's Weapon Boutique.
 38389 | Bazaar   | Bought a scroll of magic mapping for 66 gold pieces
 38389 | Bazaar   | Bought a scroll of immolation for 66 gold pieces
 38389 | Bazaar   | Bought a scroll of enchant weapon for 142 gold pieces
 38389 | Bazaar   | Bought a scroll of teleportation for 57 gold pieces
 38399 | Bazaar   | Bought a glowing cloak for 180 gold pieces
 38464 | Orc:1    | Reached skill level 2 in Armour
 38464 | Orc:1    | Reached skill level 7 in Shields
 38654 | Orc:2    | Noticed Rupert
 38697 | Orc:2    | Killed Rupert
 38949 | Orc:2    | Found a staircase to the Elven Halls.
 39113 | Orc:2    | Found a roughly hewn altar of Beogh.
 39599 | Orc:2    | Noticed an orc warlord
 39638 | Orc:2    | Killed an orc warlord
 40216 | Orc:2    | Reached skill level 3 in Armour
 40407 | Orc:2    | Found Nara's Book Emporium.
 40590 | Orc:2    | Found Wasais's Antique Weapon Shoppe.
 40704 | Orc:2    | Found an ancient bone altar of Kikubaaqudgha.
 40807 | Orc:2    | Found Riesh's Gadget Shoppe.
 40852 | Orc:2    | Reached skill level 5 in Invocations
 41011 | Orc:2    | Found a radiant altar of Vehumet.
 41098 | Orc:2    | Found a roughly hewn altar of Beogh.
 41099 | Orc:2    | Found Qinouk's Magic Scroll Emporium.
 42046 | D:14     | Reached skill level 4 in Armour
 42437 | D:14     | Noticed a stone giant
 42444 | D:14     | Killed a stone giant
 42616 | D:14     | Noticed a storm dragon
 43768 | D:14     | RKaid: !ac 3
 43768 | D:14     | beem: 7.33 armour skill per 1 AC for 3 base AC
 43880 | D:14     | Noticed a storm dragon
 44036 | D:14     | Reached skill level 1 in Long Blades
 44094 | D:14     | Learned a level 2 spell: Blink
 44171 | D:15     | Entered Level 15 of the Dungeon
 44539 | D:15     | Reached skill level 2 in Long Blades
 44760 | D:15     | Found a staircase to the Depths.
 45196 | D:15     | Reached skill level 3 in Long Blades
 45953 | D:15     | Killed a frost giant
 45953 | D:15     | Reached skill level 6 in Invocations
 45953 | D:15     | Reached XP level 15. HP: 80/80 MP: 2/31
 46909 | Lair:1   | Killed Fannar
 46957 | Lair:1   | Killed Erica
 46957 | Lair:1   | Reached skill level 4 in Long Blades
 47162 | Spider:1 | Entered Level 1 of the Spider Nest
 47163 | Spider:1 | Upgraded the game from 0.22-a0-38-gc6ec8ce517 to 0.22-a0-40-g3d2f077def
 48657 | Spider:1 | Reached skill level 5 in Long Blades
 49451 | Spider:1 | Reached skill level 10 in Fighting
 49775 | Spider:1 | Reached skill level 6 in Long Blades
 49784 | Spider:1 | Reached skill level 13 in Dodging
 50181 | Spider:1 | Reached skill level 1 in Translocations
 50591 | Spider:1 | Upgraded the game from 0.22-a0-40-g3d2f077def to 0.22-a0-44-geb883ae61c
 50591 | Spider:1 | Upgraded the game from 0.22-a0-44-geb883ae61c to 0.22-a0-96-g7cd46d36cf
 50767 | Spider:1 | Reached skill level 2 in Translocations
 51158 | Spider:1 | HP: 17/80 [jumping spider (4)]
 51641 | Spider:2 | Reached skill level 7 in Invocations
 51695 | Spider:2 | Reached skill level 3 in Translocations
 51749 | Spider:2 | Reached skill level 7 in Long Blades
 51782 | Spider:2 | Reached skill level 12 in Spellcasting
 52255 | Spider:1 | Upgraded the game from 0.22-a0-96-g7cd46d36cf to 0.22-a0-185-ge330310d3a
 52633 | Spider:2 | Noticed Arachne
 53187 | Spider:2 | Killed Arachne
 54582 | Spider:2 | HP: 20/80 [poisoned by a redback]
 54588 | Spider:2 | HP: 18/80 [poisoned by a redback]
 54595 | Spider:2 | HP: 16/80 [poisoned by a redback]
 54602 | Spider:2 | HP: 16/80 [poisoned by a redback]
 54610 | Spider:2 | HP: 16/80 [poisoned by a redback]
 54889 | Spider:2 | Upgraded the game from 0.22-a0-185-ge330310d3a to 0.22-a0-204-g464ede7bef
 54933 | Spider:3 | Reached skill level 8 in Long Blades
 55184 | Spider:3 | Learned a level 1 spell: Apportation
 55191 | Spider:3 | Learned a level 3 spell: Mephitic Cloud
 55585 | Spider:3 | Reached skill level 14 in Dodging
 55599 | Spider:3 | Reached ****** piety under Uskayaw
 55850 | Spider:4 | Entered Level 4 of the Spider Nest
 55926 | Spider:4 | Reached skill level 8 in Invocations
 56119 | Spider:2 | Reached XP level 16. HP: 72/86 MP: 29/33
 57322 | Spider:4 | Upgraded the game from 0.22-a0-204-g464ede7bef to 0.22-a0-238-gd711f9382e
 57942 | Spider:4 | Reached skill level 9 in Long Blades
 59656 | Spider:4 | HP: 15/86 [ghost moth (13)]
 59656 | Spider:4 | HP: 6/86 [ghost moth (9)]
 60302 | Spider:4 | Reached skill level 9 in Invocations
 61935 | Spider:4 | Got a gossamer rune of Zot
 62482 | D:14     | Learned a level 6 spell: Shadow Creatures
 62722 | Swamp:1  | Entered Level 1 of the Swamp
 63498 | Swamp:1  | Got a scintillating pewter ring
 63499 | Swamp:1  | Identified the ring "Hotwiso" {*Drain rC+ MR+ Slay+2 SInv} (You found it on level 1 of the Swamp)
 63609 | Swamp:1  | Reached skill level 11 in Fighting
 63875 | Swamp:1  | Reached skill level 10 in Long Blades
 64940 | Orc:2    | Bought a crystal falchion for 184 gold pieces
 64971 | Orc:2    | Bought a scroll of blinking for 135 gold pieces
 64973 | Orc:2    | Identified the cursed +0 falchion of Woac {slice, *Contam rC+ Dex+8} (You bought it in a shop on level 2 of the Orcish Mines)
 64975 | Orc:2    | Upgraded the game from 0.22-a0-238-gd711f9382e to 0.22-a0-284-g99d1f7439c
 64990 | Orc:2    | Bought a wand of acid (5) for 216 gold pieces
 65679 | Swamp:2  | Noticed a thorn hunter
 66370 | Swamp:2  | HP: 5/87 [thorn hunter/volley of thorns (21)]
 66371 | Swamp:2  | Killed from afar by a thorn hunter

Vault maps used:
D:1:      dpeg_arrival_rooms_a
D:2:      overflow_temple_1_default, first_ration
D:3:      nicolae_overflow_crystal_walls, chequers_ecumenical_altar_simple
D:4:      elyvilon_altar_1, lemuel_round_altar, minmay_temple_entry_hall
D:5:      vehumet_statue, grunt_ministairs_10, kennysheep_generic_room_15
D:6:      lemuel_doored_altar, kennysheep_mini_moat, glass_columns_a,
          fedhas_bush_and_centaur_altar
D:7:      uniq_prince_ribbit1, uniq_duvessa, uniq_crazy_yiuf_cottage
D:8:      lemuel_crystal_altar, dpeg_oklobed_lair,
          hangedman_little_slice_of_home, dk_noncrumbling_2, uniq_joseph
D:9:      old_standard_altar, okawaru_gym_becter, minmay_misc_feat_diagonals,
          evilmike_ruin_ashenzari
D:10:     erik_orc_2
D:11:     minivault_14
D:12:     kennysheep_generic_room_3, uniq_urug
D:14:     evilmike_diamond_1, david_vaults_5, hangedman_decor_push
D:15:     hangedman_depths_entry_civil_slaughter, chequers_big_river
Lair:1:   grunt_megastairs_4, uniq_erica, uniq_fannar
Lair:2:   serial_bayou_shore_b, lemuel_fruit_tree, grunt_megastairs_1,
          uniq_sonja
Lair:3:   minmay_swamp_entry_reptiles, infiniplex_staircase_pool_2, uniq_snorg
Lair:4:   spider_nest_entry_rubble, grunt_megastairs_3
Lair:5:   dpeg_slime_entry_corner
Lair:6:   evilmike_catoblepas_cave, portal_ice_cave_entry_ice_beasts,
          grunt_megastairs_2
Swamp:1:  hangedman_swamp_ruin_hall, swamp_pool5, st_swamp_ruins_2
Swamp:2:  evilmike_swamp_ruin_rubble_1
Spider:1: nicolae_spider_mines_1, nicolae_spider_ant_collections
Spider:2: uniq_arachne
Spider:4: spider_rune_water, spider_trap
Orc:1:    serial_shops, shop, uniq_harold
Orc:2:    kennysheep_orc_mage_school, basic_altar, serial_shops,
          bzr_in_the_mist, uniq_rupert
Bazaar:   bazaar_minmay_trees

Skill      XL: |  1  2  3  4  5  6  7  8  9 10 11 12 13 14 15 16 |
---------------+-------------------------------------------------+-----
Spellcasting   | 3 4 5 7 8 10 11 12 | 12.7
Conjurations   | 1 2 3 4 5 6 7 8 9 |  9.0
Air Magic      | 3 4 5 6 8 |  8.5
Fighting       | 1 3 5 7 8 9 10 11 | 11.0
Dodging        | 7 10 12 14 | 14.0
Summonings     | 3 5 |  5.3
Short Blades   | 5 8 |  8.0
Shields        | 3 6 7 |  7.2
Invocations    | 2 6 8 9 |  9.4
Armour         | 4 |  4.5
Long Blades    | 3 8 10 | 10.1
Translocations | 3 |  3.5
Stealth        | |  3.0

Action                   |  1- 3 |  4- 6 |  7- 9 | 10-12 | 13-15 | 16-18 || total
-------------------------+-------+-------+-------+-------+-------+-------++-------
Melee: Short sword       |     9 |    13 |    17 |    72 |   103 |       ||   214
       Dagger            |       |       |       |    38 |    65 |       ||   103
       Scimitar          |       |       |       |       |   727 |   423 ||  1150
 Cast: Shock             |   115 |   160 |   342 |   748 |  1859 |   206 ||  3430
       Static Discharge  |       |     1 |     4 |       |    30 |     9 ||    44
       Lightning Bolt    |       |       |     6 |    14 |    58 |    14 ||    92
       Summon Lightning  |       |       |     5 |    71 |   218 |    59 ||   353
       Airstrike         |       |       |       |       |    56 |   118 ||   174
       Blink             |       |       |       |       |     6 |     5 ||    11
       Mephitic Cloud    |       |       |       |       |     1 |     3 ||     4
Invok: Stomp             |       |     1 |       |       |       |     1 ||     2
       Line Pass         |       |       |     2 |       |     4 |     1 ||     7
Evoke: Wand              |       |       |     2 |     2 |    24 |     2 ||    30
       Phial of floods   |       |       |       |       |     1 |       ||     1
  Use: Scroll            |       |     8 |    10 |    15 |    15 |     5 ||    53
       Potion            |       |       |     1 |     1 |     6 |     6 ||    14
 Stab: Paralysed         |       |       |     3 |     6 |    60 |    25 ||    94
       Sleeping          |       |       |       |     1 |     7 |       ||     8
       Distracted        |       |       |       |       |    21 |     8 ||    29
       Petrified         |       |       |       |       |     1 |       ||     1
       Confused          |       |       |       |       |     1 |     2 ||     3
       Invisible         |       |       |       |       |       |     1 ||     1
  Eat: Ration            |       |     1 |     5 |     8 |    27 |     7 ||    48
Armor: Robe              |     2 |     1 |    12 |    33 |    31 |       ||    79
       Troll leather arm |       |       |       |       |    12 |       ||    12
       Swamp dragon scal |       |       |       |       |   169 |    87 ||   256
Dodge: Dodged            |    24 |    55 |    88 |   607 |  1728 |   514 ||  3016
Block: Buckler           |       |       |       |    59 |  1141 |   370 ||  1570
       Rpst.: Scimitar   |       |       |       |       |   223 |   108 ||   331

Table legend:
 A = Spawn XP
 B = Non-spawn XP
 C = Spawn XP percentage of total XP
 D = Spawn monster count
 E = Non-spawn monster count
 F = Spawn count percentage of total count
 G = Total turns spent on level
                    A         B        C        D         E        F      G
               +---------+---------+-------+---------+---------+-------+---------
         Total |       0 |  193243 |   0.0 |       0 |     934 |   0.0 | 66371
               +---------+---------+-------+---------+---------+-------+---------
           D:1 |       0 |      19 |   0.0 |       0 |       7 |   0.0 |  1020
           D:2 |       0 |      33 |   0.0 |       0 |      16 |   0.0 |  1178
           D:3 |       0 |      58 |   0.0 |       0 |      14 |   0.0 |  1437
           D:4 |       0 |     531 |   0.0 |       0 |      20 |   0.0 |  1744
           D:5 |       0 |     400 |   0.0 |       0 |      11 |   0.0 |  1476
           D:6 |       0 |     639 |   0.0 |       0 |      18 |   0.0 |  1627
           D:7 |       0 |    1459 |   0.0 |       0 |      28 |   0.0 |  3072
           D:8 |       0 |    3177 |   0.0 |       0 |      29 |   0.0 |  3384
           D:9 |       0 |    2809 |   0.0 |       0 |      32 |   0.0 |  1171
          D:10 |       0 |    4104 |   0.0 |       0 |      53 |   0.0 |  2009
          D:11 |       0 |    3429 |   0.0 |       0 |      21 |   0.0 |  1698
          D:12 |       0 |    3420 |   0.0 |       0 |      32 |   0.0 |  1758
          D:13 |       0 |    2786 |   0.0 |       0 |      13 |   0.0 |  1656
          D:14 |       0 |   13907 |   0.0 |       0 |      41 |   0.0 |  2985
          D:15 |       0 |    9895 |   0.0 |       0 |      26 |   0.0 |  2510
        Lair:1 |       0 |    4867 |   0.0 |       0 |      21 |   0.0 |  2419
        Lair:2 |       0 |    8492 |   0.0 |       0 |      39 |   0.0 |  2868
        Lair:3 |       0 |    5404 |   0.0 |       0 |      16 |   0.0 |  1828
        Lair:4 |       0 |    9259 |   0.0 |       0 |      41 |   0.0 |  2946
        Lair:5 |       0 |    5087 |   0.0 |       0 |      29 |   0.0 |  2286
        Lair:6 |       0 |   15117 |   0.0 |       0 |      56 |   0.0 |  3564
       Swamp:1 |       0 |    8153 |   0.0 |       0 |      26 |   0.0 |  2542
       Swamp:2 |       0 |    1919 |   0.0 |       0 |       7 |   0.0 |   544
      Spider:1 |       0 |   19459 |   0.0 |       0 |      65 |   0.0 |  4072
      Spider:2 |       0 |   12478 |   0.0 |       0 |      39 |   0.0 |  2630
      Spider:3 |       0 |   13645 |   0.0 |       0 |      50 |   0.0 |  3050
      Spider:4 |       0 |   28848 |   0.0 |       0 |      85 |   0.0 |  4717
         Orc:1 |       0 |    2351 |   0.0 |       0 |      16 |   0.0 |   774
         Orc:2 |       0 |   11498 |   0.0 |       0 |      83 |   0.0 |  3326
               +---------+---------+-------+---------+---------+-------+---------

Table legend:
 A = Turns spent in this place as a percentage of turns spent in the entire game.
 B = Non-inter-level travel turns spent in this place as a percentage of non-inter-level travel turns spent in the entire game.
 C = Inter-level travel turns spent in this place as a percentage of turns spent in this place.
 D = Turns resting spent in this place as a percentage of non-inter-level travel turns spent in this place.
 E = Turns spent auto-exploring this place as a percentage of non-inter-level travel turns spent in this place.
 F = Non-inter-level travel turns spent in this place divided by the number of levels of this place that you've seen.
                   A       B       C       D       E      F
               +-------+-------+-------+-------+-------+----------------------
         Total | 100.0 | 100.0 |   6.3 |  49.3 |  27.4 | 2073.3
       Dungeon |  43.3 |  42.8 |   7.2 |  43.8 |  34.4 | 1776.5
          Lair |  24.0 |  24.3 |   5.1 |  55.0 |  24.4 | 2515.8
         Swamp |   4.6 |   4.7 |   5.1 |  53.6 |  26.4 | 1465.0
   Spider Nest |  21.8 |  22.1 |   5.0 |  55.9 |  16.9 | 3434.8
  Orcish Mines |   6.2 |   6.0 |   9.6 |  39.1 |  30.1 | 1854.0
        Bazaar |   0.1 |   0.1 |   0.0 |   0.0 |   0.0 |  80.0
               +-------+-------+-------+-------+-------+----------------------

Table legend:
 A = Kills in this place as a percentage of kills in entire the game.
 B = Kills by you in this place as a percentage of kills by you in the entire game.
 C = Kills by friends in this place as a percentage of kills by friends in the entire game.
 D = Other kills in this place as a percentage of other kills in the entire game.
 E = Experience gained in this place as a percentage of experience gained in the entire game.
 F = Experience gained in this place divided by the number of levels of this place that you have seen.
                   A       B       C       D       E      F
               +-------+-------+-------+-------+-------+----------------------
         Total | 100.0 | 100.0 | 100.0 | 100.0 | 100.0 | 6441.4
       Dungeon |  38.7 |  45.6 |  20.4 |   0.0 |  24.1 | 3111.1
          Lair |  21.6 |  17.9 |  31.6 |  25.0 |  25.0 | 8037.7
         Swamp |   3.5 |   3.7 |   3.2 |   0.0 |   5.2 | 5036.0
   Spider Nest |  25.6 |  24.3 |  28.4 |  75.0 |  38.5 | 18607.5
  Orcish Mines |  10.6 |   8.5 |  16.4 |   0.0 |   7.2 | 6924.5
               +-------+-------+-------+-------+-------+----------------------
